 Dungeon Crawl Stone Soup version 0.29.0-13-gc9e81de378 (webtiles) character file.

Game seed: 7566131530214445741

46 Ofeo the Firebug (level 4, 0/33 HPs)
             Began as a Meteoran Fire Elementalist on Sept 9, 2022.
             Slain by a gnoll
             ... wielding a +0 whip
              (3 damage)
             ... on level 3 of the Dungeon.
             The game lasted 00:04:39 (375 turns).

Ofeo the Firebug (Meteoran Fire Elementalist)        Turns: 375, Time: 00:04:40

Health: 0/33       AC:  2    Str: 10    XL:     4   Next: 15%
Magic:  2/9        EV: 13    Int: 18    God:
Gold:   36         SH:  0    Dex: 14    Spells: 3/9 levels left

rFire   . . .      SeeInvis .   (no weapon)
rCold   . . .      Faith    .   (no shield)
rNeg    . . .      Spirit   .   a - +0 robe
rPois   .          Reflect  .   (no helmet)
rElec   .          Harm     .   (no cloak)
rCorr   .          Rampage  .   (no gloves)
Will    .....                   (no boots)
Stlth   +.........              (no amulet)
HPRegen 0.11/turn               (no ring)
MPRegen 0.11/turn               (no ring)

@: hasted, glowing, very quick
A: sense surroundings 1, otherworldly, glowing, explore regen
a: no special abilities


You were on level 3 of the Dungeon.
You visited 1 branch of the dungeon, and saw 3 of its levels.

You collected 36 gold pieces.

Inventory:

Armour
 a - a +0 robe (worn)
Jewellery
 j - a ring of ice
Scrolls
 e - 2 scrolls of brand weapon
Potions
 b - a potion of magic
 h - a potion of degeneration {unknown}
 i - a potion of flight {unknown}


   Skills:
 + Level 3.0 Dodging
 + Level 1.8 Stealth
 + Level 3.2 Spellcasting
 + Level 2.2 Conjurations
 + Level 4.0 Fire Magic


You had 3 spell levels left.
You knew the following spells:

 Your Spells              Type           Power      Damage    Failure   Level
a - Scorch                Fire           34%        2d6       4%          2
b - Foxfire               Conj/Fire      56%        2x1d6     4%          1
c - Conjure Flame         Conj/Fire      14%        6-21      13%         3

Your spell library contained the following spells:

 Spells                   Type           Power      Damage    Failure   Level
 Inner Flame              Hex/Fire       10%        N/A       21%         3
 Flame Wave               Conj/Fire      14%        2d6       41%         4
 Leda's Liquefaction      Hex/Erth       1%         N/A       85%         4
 Lee's Rapid Deconstruct  Erth           1%         3d5*      99%         5
 Statue Form              Tmut/Erth      1%         N/A       100%        6


Dungeon Overview and Level Annotations

Branches:
Dungeon (3/15) Zot: 1417

Altars:
Sif Muna

Shops:
D:1 ?

Annotations:
D:3 Natasha, Robin, Terence


Innate Abilities, Weirdness & Mutations

You passively map a small area around you.
You are easily found by Zot.
You glow in the dark.
You regain HP and MP as you explore.


Message History

You now have 0/9 mp.
You barely miss Natasha.
Natasha is moderately wounded.
The foxfire hits Natasha but does no damage.
Natasha is moderately wounded.
The foxfire hits Natasha.
Natasha is burned terribly!
Natasha is severely wounded.
Natasha claws you!
You take 7 damage, and have 24/33 hp.
MASSIVE DAMAGE!!
Natasha attacks as you move away! Natasha barely misses you.
The shadow imp attacks as you move away!
The shadow imp barely misses you.
A gnoll comes into view. It is wielding a +0 flail.
The gnoll shouts!
You hear a shout! x3
Natasha is no longer more vulnerable to fire.
Natasha attacks as you move away! Natasha claws you.
An orc comes into view. It is wielding a +0 hand axe.
The orc shouts!
Natasha claws you.
You take 5 damage, and have 19/33 hp.
As you read the scroll labelled QEARIUHEDU, it crumbles to dust.
The creatures around you are filled with an inner flame!
It was a scroll of immolation.
Natasha claws you. The gnoll hits you with a +0 flail.
You take 4 damage, and have 15/33 hp.
The shadow imp attacks as you move away!
The shadow imp hits you. The gnoll misses you.
The gnoll hits you with a +0 flail.
* * * LOW HITPOINT WARNING * * *
You take 6 damage, and have 9/33 hp.
It was a potion of haste.
You feel yourself speed up. Natasha claws you!
* * * LOW HITPOINT WARNING * * *
The gnoll barely misses you.
You take 8 damage, and have 1/33 hp.
MASSIVE DAMAGE!!
A gnoll comes into view. It is wielding a +0 whip.
The shadow imp disappears in a puff of smoke!
The gnoll hits you with a +0 whip.
You die...

*,*#.....#....#......)....,,,,
*,*#.###...####.$......##.,,,,
*,,#..,.......#§.......#*,****
**,..#*#####..§.##.#####*,*
*##..,** #.#o....# *,*
###,,***#,#.g..##*****,****
**,,,,,,#h##.....,,,,,,,,
***#..#####.#######***+****
*,,......g@.# *,,,,,,
****,,.....##### *,>,,,,
*,,,,,...,,** *,,,,,,
*,,,,,.,,,,,** *,,,,,,
*,,,,,,,,**,,* ******+
************,* *, *,***
********, *,,,* *,,,,,**,
***,* *,,,,,**,


You could see Natasha (inner flame), 2 gnolls and an orc (inner flame).

Vanquished Creatures
  An adder (D:3)
  A dart slug (D:2)
  4 ball pythons
  3 bats
  3 endoplasms
  A giant cockroach (D:1)
  7 goblins
  2 hobgoblins
  4 kobolds
  2 quokkas
  A frilled lizard (D:3)
  3 rats
32 creatures vanquished.

Vanquished Creatures (others)
  63 foxfires
63 creatures vanquished.

Grand Total: 95 creatures vanquished

Notes
Turn   | Place    | Note
-------+----------+-------------------------------------------
     0 | D:1      | Ofeo the Meteoran Fire Elementalist began the quest for the
                  | Orb.
     0 | D:1      | Reached XP level 1. HP: 14/14 MP: 5/5
    45 | D:1      | Found Anwiutim's Magic Scroll Boutique.
    54 | D:1      | Reached XP level 2. HP: 18/20 MP: 1/6
   170 | D:2      | Reached XP level 3. HP: 26/26 MP: 2/8
   184 | D:2      | Found a shimmering blue altar of Sif Muna.
   200 | D:3      | Learned a level 2 spell: Scorch
   204 | D:3      | Learned a level 3 spell: Conjure Flame
   214 | D:3      | Noticed Terence
   217 | D:3      | Noticed Robin
   336 | D:3      | Reached skill level 4 in Fire Magic
   344 | D:3      | Reached XP level 4. HP: 24/33 MP: 2/9
   357 | D:3      | Noticed Natasha
   372 | D:3      | HP: 1/33 [Natasha (8)]
   375 | D:3      | Slain by a gnoll

Illustrated notes

Levels and vault maps discovered:
D:1:      dpeg_arrival_rooms_a, layout_rooms, serial_shops, shop_statue,
          grunt_decor_junction, minmay_distorted
D:2:      layout_loops_ring, basic_altar, chequers_ecumenical_altar_grove
D:3:      layout_basic, chequers_avenue, uniq_natasha, uniq_ijyb, uniq_terence,
          uniq_robin

Skill      XL: |  1  2  3 |
---------------+----------+-----
Spellcasting   | 3 |  3.2
Conjurations   | 2 |  2.2
Fire Magic     | 4 |  4.0
Dodging        | 3 |  3.0
Stealth        | |  1.8

Action                   |  1- 3 |  4- 6 || total
-------------------------+-------+-------++-------
Melee: Unarmed           |     1 |     1 ||     2
 Cast: Foxfire           |    33 |     4 ||    37
       Scorch            |     7 |     2 ||     9
  Use: Scroll            |     2 |     1 ||     3
       Potion            |     2 |     1 ||     3
Armor: Robe              |     4 |     1 ||     5
Dodge: Dodged            |    15 |     6 ||    21
